[Event "FIDE World School-ch O-15 2025"]
[Site "Vrnjacka Banja"]
[Date "2025.03.20"]
[Round "1.1"]
[White "Scheglov, Gleb"]
[Black "Jovanovic, David"]
[Result "1-0"]
[Annotator "TA"]
[ECO "E07"]
[WhiteElo "2306"]
[BlackElo "1858"]
[PlyCount "47"]
[EventDate "2025.03.19"]
[EventType "swiss"]
[EventCountry "SRB"]
[SourceTitle "playchess.com"]
[Source "ChessBase"]
[SourceQuality "1"]
[TimeControl "5400+30"]

1. Nf3 Nf6 2. c4 e6 3. g3 d5 4. Bg2 Be7 5. O-O O-O 6. d4 c6 7. Nc3 Nbd7 8. Nd2 b6 9. b3 Bb7 10. Bb2 Rc8 11. e4 dxe4 {[%emt 0:01:34] E07: Closed Catalan: Main Line (5 Nf3 0-0 6 0-0 Nbd7).} 12. Ndxe4 Qc7 13. Re1 Qb8 $146 {[%emt 0:07:57] White is slightly better.} (13... Rfd8 14. Qc2 Nxe4 15. Nxe4 c5 16. dxc5 Nxc5 17. Qc3 Bf8 18. Nxc5 bxc5 19. Rad1 Bxg2 20. Kxg2 {½-½ Lipka,J (2405)-Polak,T (2527) AUT-chT2O 1920 2019 (7.1)}) 14. Qc2 c5 {[%emt 0:02:21] [#]} 15. d5 exd5 16. Ng5 Ne4 $2 17. Ncxe4 (17. Nxd5 Bxg5 18. Bxe4 Kh8 19. Bxh7 Rcd8) (17. Nxh7 $142 Rfe8 18. Nxd5 Bxd5 19. cxd5 (19. Bxe4 Bb7 $18)) 17... dxe4 $18 {[%emt 0:01:51] [#]} 18. Nxh7 Rfe8 19. Bxe4 {[%emt 0:01:27] White is more active.} Bxe4 20. Rxe4 f5 {[%emt 0:06:58] Inhibits Rg4.} (20... Rcd8 {is a better chance.} 21. Rae1 Bf6) 21. Re6 Kxh7 $2 (21... Nf8) 22. Qxf5+ ({Less strong is} 22. Rae1 Bf6 $16) 22... Kg8 {[%emt 0:00:36] [#]} 23. Bxg7 $1 Nf8 {[%emt 0:07:06] Wards off Rg6} (23... Bf8 24. Bb2) 24. Be5 {[%emt 0:00:23] White took control after the opening.   Weighted Error Value: White=0.55/Black=1.33  Loses game:     	---       	Black=1      Mistake:       	White=1     	Black=2      Inaccurate:     	White=1     	Black=1      OK:         	White=3     	Black=2      Best:        	White=1     	Black=1      Brilliant:      	White=1     	---} (24. Rg6 $142 Nxg6 25. Qxg6 Qxg3+ 26. fxg3 (26. hxg3 Red8 27. Bh6+ Kh8 28. Qg7#) 26... Red8 27. Bh6+ Kh8 28. Qg7#) 1-0

[Event "FIDE World School-ch O-15 2025"]
[Site "Vrnjacka Banja"]
[Date "2025.03.20"]
[Round "1.2"]
[White "Nedeljkovic, Velja"]
[Black "Tabatadze, Erekle"]
[Result "0-1"]
[Annotator "NA RC"]
[ECO "B07"]
[WhiteElo "1856"]
[BlackElo "2180"]
[PlyCount "70"]
[EventDate "2025.03.19"]
[EventType "swiss"]
[EventCountry "SRB"]
[SourceTitle "playchess.com"]
[Source "ChessBase"]
[SourceQuality "1"]
[TimeControl "5400+30"]

1. e4 d6 2. d4 Nf6 3. Nc3 e5 4. dxe5 dxe5 5. Qxd8+ Kxd8 6. Bg5 Be6 7. O-O-O+ Nbd7 8. Nf3 Bd6 9. Bd3 h6 10. Bh4 g5 11. Bg3 Ke7 12. Nb5 Nh5 13. Nxd6 cxd6 14. b3 Nc5 15. Kb2 Nxd3+ 16. Rxd3 f5 17. exf5 Bxf5 18. Re3 Nf4 19. Bxf4 gxf4 20. Rc3 Rac8 21. Rxc8 Rf8 22. Rd8 Rxd8 23. c4 Rc8 24. Rf1 b5 25. Rc1 bxc4 26. Rxc4 Kf6 27. Rxc8 Bxc8 28. Kc3 d5 29. g3 Kf5 30. Nh4+ Kg4 31. Ng6 fxg3 32. hxg3 Kf3 33. Nxe5+ Kxf2 34. g4 Ke3 35. Nf7 d4+ 0-1

[Event "FIDE World School-ch O-15 2025"]
[Site "Vrnjacka Banja"]
[Date "2025.03.20"]
[Round "1.3"]
[White "Tulendinov, Dinmukhammed"]
[Black "Okhitin, Lev"]
[Result "1-0"]
[Annotator "NA RC"]
[ECO "B08"]
[WhiteElo "2173"]
[BlackElo "1843"]
[PlyCount "47"]
[EventDate "2025.03.19"]
[EventType "swiss"]
[EventCountry "SRB"]
[SourceTitle "playchess.com"]
[Source "ChessBase"]
[SourceQuality "1"]
[TimeControl "5400+30"]

1. e4 c5 2. d4 cxd4 3. Qxd4 Nc6 4. Qd3 d6 5. Nc3 g6 6. Nf3 Bg7 7. Be2 Nf6 8. O-O O-O 9. Nd5 Nd7 10. c3 Nde5 11. Nxe5 Nxe5 12. Qc2 e6 13. Ne3 b6 14. f4 Nc6 15. Bd2 Ne7 16. Rad1 d5 17. Bc1 Qd6 18. Kh1 f5 19. exd5 exd5 20. Nxd5 Nxd5 21. Bf3 Bb7 22. c4 Rac8 23. Qa4 Qb4 24. Bxd5+ 1-0

[Event "FIDE World School-ch O-15 2025"]
[Site "Vrnjacka Banja"]
[Date "2025.03.20"]
[Round "1.4"]
[White "Hettigoda, Dhanodya Budmina"]
[Black "Leu, Dragos Stefan"]
[Result "1-0"]
[Annotator "TA"]
[ECO "B92"]
[WhiteElo "1837"]
[BlackElo "2165"]
[PlyCount "83"]
[EventDate "2025.03.19"]
[EventType "swiss"]
[EventCountry "SRB"]
[SourceTitle "playchess.com"]
[Source "ChessBase"]
[SourceQuality "1"]
[TimeControl "5400+30"]

1. e4 c5 2. Nf3 d6 3. d4 cxd4 4. Nxd4 Nf6 5. Nc3 a6 6. Be3 e5 7. Nb3 Be6 8. Be2 Nbd7 9. O-O Be7 10. f4 b5 {[%emt 0:19:53][%cal Bb7b5,Bb5c4][%mdl 32] B92: Sicilian Najdorf: 6 Be2.} 11. f5 Bc4 12. Bxc4 bxc4 {[%emt 0:00:01] White is slightly better.} 13. Nd2 Qc7 {[%emt 0:01:19][%csl Oa6,Od6] Black has weak pawns} 14. Qe2 Rc8 15. a4 $146 (15. Rf3 d5 16. exd5 Nb6 17. Bxb6 Qxb6+ 18. Kh1 Qd4 19. Re1 O-O 20. Nde4 Nxd5 21. Nxd5 Qxd5 {1-0 Huang,P (1977)-Zheng,V (1822) British Columbia-ch U20 2016 (2.5)}) 15... a5 (15... Qb7 $11 {keeps the balance.}) 16. Nb5 Qd8 (16... Qb7 $1 $14) 17. Nxc4 Nxe4 18. Rfd1 $36 {[%emt 0:02:54][%mdl 2048] White has strong initiative. White is much more active.} Rc6 ({Better is} 18... Ndf6) 19. Ba7 Nef6 {[%emt 0:21:19] This costs Black the game.} (19... Ndf6 $16) 20. Ncxd6+ Bxd6 21. Nxd6+ Ke7 22. Nb5 Qa8 23. Bd4 Re8 24. Ra3 (24. Bxe5 $2 {perishes.} Kf8 25. Qf2 (25. Rxd7 $2 Nxd7 26. Bxg7+ Kxg7 $19) 25... Nxe5 $19 (25... Rxe5 $2 26. c3 $19)) 24... Kf8 25. Bf2 Rec8 26. Rc3 Qa6 27. Rxc6 Qxc6 28. c3 Qc4 29. Qc2 {[%emt 0:00:34] [#]} Qg4 (29... Rc6 $142 30. b3 Qf4) 30. h3 $18 Qf4 31. Nd6 Rb8 {[%emt 0:00:28] Dodges Qb3} 32. c4 e4 33. Ba7 Rb4 (33... Ra8) 34. c5 {[%emt 0:00:54] [#] and c6 should not be overlooked} Ne5 (34... Qe3+ $142 35. Kh1 Rd4) 35. c6 Nfg4 36. hxg4 Nf3+ 37. gxf3 exf3 38. c7 {[%emt 0:01:37] White mates.} Qxg4+ 39. Kh1 f2 40. c8=Q+ Ke7 41. Q8c7+ (41. Bxf2 {leads to mate.} Qh3+ 42. Kg1 Rg4+) 41... Kf6 42. Qxf7+ {[%emt 0:02:16] Weighted Error Value: White=0.18 (very precise) /Black=0.86  Loses game:     	---       	Black=1      Mistake:       	---       	Black=6      Inaccurate:     	White=3     	Black=1      OK:         	White=10    	Black=4      Best:        	White=3     	Black=2} 1-0

[Event "FIDE World School-ch O-15 2025"]
[Site "Vrnjacka Banja"]
[Date "2025.03.20"]
[Round "1.5"]
[White "Durucay, Uygar"]
[Black "Kunapuli, Siddarth Sriaditya"]
[Result "1-0"]
[Annotator "NA RC"]
[ECO "D03"]
[WhiteElo "2159"]
[BlackElo "1829"]
[PlyCount "41"]
[EventDate "2025.03.19"]
[EventType "swiss"]
[EventCountry "SRB"]
[SourceTitle "playchess.com"]
[Source "ChessBase"]
[SourceQuality "1"]
[TimeControl "5400+30"]

1. d4 Nf6 2. Nf3 e6 3. Bg5 h6 4. Bh4 Be7 5. Nbd2 d5 6. e3 O-O 7. Bd3 Nbd7 8. c3 c5 9. O-O Re8 10. Ne5 Nxe5 11. dxe5 Nd7 12. Bxe7 Qxe7 13. f4 Rd8 14. Qh5 d4 15. Nc4 dxc3 16. bxc3 Nb6 17. Nd6 c4 18. Bc2 Bd7 19. Rf3 Nc8 20. Rg3 Nxd6 21. Qxh6 1-0

[Event "FIDE World School-ch O-15 2025"]
[Site "Vrnjacka Banja"]
[Date "2025.03.20"]
[Round "1.6"]
[White "Abel Taji"]
[Black "Kutanjac, Aleksandar"]
[Result "0-1"]
[Annotator "NA RC"]
[ECO "C13"]
[WhiteElo "1819"]
[BlackElo "2103"]
[PlyCount "86"]
[EventDate "2025.03.19"]
[EventType "swiss"]
[EventCountry "SRB"]
[SourceTitle "playchess.com"]
[Source "ChessBase"]
[SourceQuality "1"]
[TimeControl "5400+30"]

1. e4 e6 2. d4 d5 3. Nd2 dxe4 4. Nxe4 Nd7 5. Nf3 Ngf6 6. Bg5 Be7 7. Bxf6 Nxf6 8. Nxf6+ Bxf6 9. c3 O-O 10. Bd3 b6 11. Qc2 h6 12. Be4 Rb8 13. O-O c5 14. Rad1 Qc7 15. Rfe1 Rd8 16. dxc5 Rxd1 17. Rxd1 bxc5 18. b3 Bd7 19. c4 Be8 20. g3 g6 21. Nd2 Bg7 22. Bg2 Rd8 23. Nf3 e5 24. Rxd8 Qxd8 25. Qd2 Qxd2 26. Nxd2 f5 27. Bd5+ Kf8 28. f3 Ke7 29. Kf2 h5 30. a3 a5 31. Nf1 Bh6 32. Ne3 Kf6 33. Ke2 Bxe3 34. Kxe3 Bf7 35. Bxf7 Kxf7 36. h4 a4 37. bxa4 Ke6 38. g4 hxg4 39. fxg4 fxg4 40. Kf2 e4 41. Ke3 g3 42. Ke2 Kd6 43. Kf1 e3 0-1

[Event "FIDE World School-ch O-15 2025"]
[Site "Vrnjacka Banja"]
[Date "2025.03.20"]
[Round "1.7"]
[White "Talgatov, Nazar"]
[Black "Kim, Yejun"]
[Result "0-1"]
[Annotator "NA RC"]
[ECO "B52"]
[WhiteElo "2083"]
[BlackElo "1798"]
[PlyCount "106"]
[EventDate "2025.03.19"]
[EventType "swiss"]
[EventCountry "SRB"]
[SourceTitle "playchess.com"]
[Source "ChessBase"]
[SourceQuality "1"]
[TimeControl "5400+30"]

1. e4 c5 2. Nf3 d6 3. Bb5+ Bd7 4. Bxd7+ Qxd7 5. c4 Nc6 6. d4 cxd4 7. Nxd4 Nf6 8. Nc3 g6 9. f3 Bg7 10. Be3 O-O 11. O-O Rfc8 12. b3 Qd8 13. Qd2 Qa5 14. Rfd1 a6 15. a4 Nd7 16. Rab1 Nxd4 17. Bxd4 Bxd4+ 18. Qxd4 Qc5 19. Kf1 Qh5 20. Nd5 Qh4 21. g3 Qh3+ 22. Kg1 Qe6 23. f4 f6 24. a5 Rc6 25. Re1 Rac8 26. Qa7 Nc5 27. b4 Nd3 28. Re3 Rxc4 29. Rxd3 Rc1+ 30. Rxc1 Rxc1+ 31. Kf2 Qxe4 32. Qe3 Qh1 33. Qe2 Qxh2+ 34. Ke3 Qg1+ 35. Kd2 Ra1 36. Kc3 Qc1+ 37. Kd4 e5+ 38. fxe5 dxe5+ 39. Ke4 Qh1+ 40. Rf3 Re1 41. Nxf6+ Kg7 42. Ne8+ Kh6 43. Qxe1 Qxe1+ 44. Re3 Qxb4+ 45. Kxe5 Qc5+ 46. Ke4 Qxa5 47. Nd6 Qb4+ 48. Kd5 Qd2+ 49. Ke4 Qxd6 50. Kf3 b5 51. g4 Kg5 52. Re4 Qd3+ 53. Re3 Qxe3+ 0-1

[Event "FIDE World School-ch O-15 2025"]
[Site "Vrnjacka Banja"]
[Date "2025.03.20"]
[Round "1.8"]
[White "Milosevic, Lazar M"]
[Black "Dascalescu, Adelin-Stefan"]
[Result "0-1"]
[Annotator "NA RC"]
[ECO "C01"]
[WhiteElo "1798"]
[BlackElo "2061"]
[PlyCount "32"]
[EventDate "2025.03.19"]
[EventType "swiss"]
[EventCountry "SRB"]
[SourceTitle "playchess.com"]
[Source "ChessBase"]
[SourceQuality "1"]
[TimeControl "5400+30"]

1. e4 c5 2. Nf3 e6 3. d4 d5 4. exd5 exd5 5. c4 Nf6 6. Nc3 cxd4 7. Nxd5 Nxd5 8. cxd5 Qa5+ 9. Bd2 Qxd5 10. Qa4+ Nc6 11. Bb5 Bc5 12. O-O O-O 13. h3 Bxh3 14. gxh3 Qxf3 15. Kh2 Bd6+ 16. Kg1 Qxh3 0-1